 Dungeon Crawl Stone Soup version 0.31-a0-204-g7da18cac08 (webtiles) character file.

Game seed: 9776147118284493544

119 qw the Skirmisher (level 4, 0/25 HPs)
             Began as a Deep Elf Hunter on June 27, 2023.
             Slain by an orc wizard
             ... wielding a +0 dagger
              (3 damage)
             ... on level 4 of the Dungeon.
             The game lasted 00:00:40 (2128 turns).

qw the Skirmisher (Deep Elf Hunter)                 Turns: 2128, Time: 00:00:41

Health: 0/25       AC:  6    Str: 10    XL:     4   Next: 74%
Magic:  6/6        EV:  9    Int: 14    God:
Gold:   94         SH:  0    Dex: 18    Spells: 3/3 levels left

rFire   . . .        Y - +1 shortbow
rCold   . . .        (shield currently unavailable)
rNeg    . . .        b - +0 scale mail
rPois   .            (no helmet)
rElec   .            (no cloak)
rCorr   .            (no gloves)
SInv    .            (no boots)
Will    .....        d - amulet of faith
Stlth   +            (no ring)
HPRegen 0.24/turn    (no ring)
MPRegen 0.10/turn

%: faith
@: no status effects
A: no striking features
a: no special abilities


You were on level 4 of the Dungeon.
You visited 1 branch of the dungeon, and saw 4 of its levels.

You collected 142 gold pieces.
You spent 48 gold pieces at shops.


   Skills:
 - Level 1.5 Fighting
 + Level 8.2 Ranged Weapons
 - Level 2.4 Dodging
 - Level 1.2 Stealth


You had 3 spell levels left.
You didn't know any spells.
Your spell library was empty.

Inventory:

Hand Weapons
 Y - a +1 shortbow (weapon)
Armour
 b - a +0 scale mail (worn)
Jewellery
 d - an amulet of faith (around neck)
Scrolls
 e - 2 scrolls of enchant armour
 h - 2 scrolls of identify

Dungeon Overview and Level Annotations

Branches:
Dungeon (4/15)
 Temple: D:4-7

Altars:
Dithmenos

Shops:
D:1 ?


Message History

You shoot an arrow. The arrow hits the orc wizard.
The orc wizard is moderately wounded.
You hear a shout!
An orc wizard comes into view. It is wielding a +0 dagger.
You shoot an arrow. The arrow hits the orc wizard!
The orc wizard is severely wounded.
The orc wizard hits you with a +0 dagger.
Something hits you but does no damage.
You shoot an arrow. The arrow hits the orc wizard.
You kill the orc wizard!
Something hits you but does no damage.
You hear some strange, mumbled words.
A puff of flame appears from out of thin air!
The puff of flame hits you.
The orc wizard mumbles some strange words.
The orc wizard flickers and vanishes!
Your Ranged Weapons skill increases to level 8!
You shoot an arrow. Something hits you.
You shoot an arrow. Something hits you but does no damage. Something hits you.
You shoot an arrow. Something hits you. x2
You shoot an arrow.
Something hits you. x2; Something hits you but does no damage.
You hear some strange, mumbled words.
A magic dart appears from out of thin air!
The magic dart hits you but does no damage.
You shoot an arrow. Something hits you. Something hits you but does no damage.
You shoot an arrow. Something hits you.
You hear some strange, mumbled words.
A puff of flame appears from out of thin air!
The puff of flame hits you.
You shoot an arrow.
You hear some strange, mumbled words.
Something tries to affect you, but you resist.
Something hits you. Something hits you but does no damage. Something hits you.
You die...

##+##..##.####
#######.<##..##....#
...........[..#...##
..............#...#
+##.###.###########
:##.###.###..##..#
..................
..................
##########@{.##..#
#{### ... .....
....... ###+#####


There were no monsters in sight!

Vanquished Creatures
  Terence (D:2)
  An orc wizard (D:4)
  2 adders (D:2)
  2 dart slugs (D:3)
  4 ball pythons
  6 bats
  4 endoplasms
  3 goblins
  4 hobgoblins
  5 quokkas (D:1)
  5 frilled lizards
  6 kobolds
  7 rats
50 creatures vanquished.

Notes
Turn   | Place    | Note
-------+----------+-------------------------------------------
     0 | D:1      | qw the Deep Elf Hunter began the quest for the Orb.
     0 | D:1      | Reached XP level 1. HP: 12/12 MP: 3/3
     0 | D:1      | 0 ||| qw: Version: 0.3-a-22-g0ed2b0b
     0 | D:1      | 0 ||| qw: Game counter: 6537
     0 | D:1      | 0 ||| qw: Melee chars always use a shield: true
     0 | D:1      | 0 ||| qw: God list: Okawaru
     0 | D:1      | 0 ||| qw: Allow faded altars: false
     0 | D:1      | 0 ||| qw: Do Orc after clearing Dungeon:15 true
     0 | D:1      | 0 ||| qw: Do second Lair branch before Depths: true
     0 | D:1      | 0 ||| qw: Lair rune preference: random
     0 | D:1      | 0 ||| qw: Goals: Normal
     0 | D:1      | 0 ||| PLANNING D:1-11
    90 | D:1      | Reached XP level 2. HP: 16/16 MP: 4/4
   100 | D:1      | Reached skill level 6 in Ranged Weapons
   257 | D:1      | Found Iminguzu's Magic Scroll Shop.
   290 | D:1      | 290 ||| BUYING scroll of identify (24 gold).
   290 | D:1      | Bought a scroll of identify for 24 gold pieces
   290 | D:1      | 290 ||| BUYING scroll of identify (24 gold).
   290 | D:1      | Bought a scroll of identify for 24 gold pieces
   290 | D:1      | 290 ||| SHOPLISTING scroll of identify (24 gold, have 4).
   290 | D:1      | 290 ||| SHOPLISTING scroll of teleportation (36 gold, have
                  | 4).
   593 | D:1      | 593 ||| DROPPING +6 ring of intelligence.
   594 | D:1      | 594 ||| READING scroll labelled XERCHA BAMM.
   595 | D:1      | 595 ||| READING 2 scrolls labelled ASAKHL YNU TIPA.
   596 | D:1      | 596 ||| READING scroll labelled ZEOFE UR HUAX.
   597 | D:1      | 597 ||| DROPPING scroll of butterflies.
   648 | D:2      | Reached XP level 3. HP: 20/20 MP: 5/5
   693 | D:2      | Reached skill level 7 in Ranged Weapons
   863 | D:2      | Found a shadowy altar of Dithmenos.
   864 | D:2      | Noticed Terence
   874 | D:2      | Killed Terence
   875 | D:2      | Reached XP level 4. HP: 18/25 MP: 6/6
  1010 | D:2      | 1010 ||| FLEEEEING.
  1011 | D:2      | 1011 ||| FLEEEEING.
  1012 | D:2      | 1012 ||| FLEEEEING.
  1093 | D:2      | 1093 ||| UPGRADING to +0 scale mail.
  1103 | D:2      | 1103 ||| DROPPING +0 leather armour.
  1104 | D:2      | 1104 ||| READING scroll labelled PEBYAS SYARUXT.
  1105 | D:2      | 1105 ||| READING 2 scrolls of identify.
  1105 | D:2      | 1105 ||| IDENTIFYING lumpy emerald potion
  1106 | D:2      | 1106 ||| DROPPING potion of attraction.
  2047 | D:3      | 2047 ||| UPGRADING to amulet of faith.
  2052 | D:3      | 2052 ||| READING 2 scrolls labelled POR ES AWEQEOG.
  2053 | D:3      | 2053 ||| READING 3 scrolls labelled VULEPOE LYGUITZ.
  2054 | D:3      | 2054 ||| DROPPING scroll of fog.
  2055 | D:3      | 2055 ||| DROPPING 2 scrolls of vulnerability.
  2122 | D:4      | Reached skill level 8 in Ranged Weapons
  2127 | D:4      | HP: 6/25 [something (3)]
  2128 | D:4      | Slain by an orc wizard

Levels and vault maps discovered:
D:1:      kennysheep_arrival_seaside, layout_basic, serial_shops,
          nicolae_shop_tiny_waterfront
D:2:      layout_rooms, basic_altar, uniq_terence
D:3:      layout_basic, hangedman_decor_diamond_cutter
D:4:      layout_gridville, nicolae_overflow_hallway_of_the_gods, minmay_unequal

Skill      XL: |  1  2  3  4 |
---------------+-------------+-----
Ranged Weapons | 6 7 8 |  8.2
Fighting       | |  1.5
Dodging        | |  2.4
Stealth        | |  1.2

Action                     |  1- 3 |  4- 6 || total
---------------------------+-------+-------++-------
   Fire: Shortbow          |    84 |    43 ||   127
    Use: Scroll            |     3 |     4 ||     7
 Armour: Leather armour    |     2 |       ||     2
         Scale mail        |       |    10 ||    10
  Dodge: Dodged            |    16 |     5 ||    21

Table legend:
 A = Non-vault XP
 B = Vault XP
 C = Vault XP percentage of total XP
 D = Non-vault monster count
 E = Vault monster count
 F = Vault count percentage of total count
                 A         B        C        D         E       F
            +---------+---------+-------+---------+---------+-------
      Total |     135 |      36 |  21.1 |      49 |       1 |   2.0
            +---------+---------+-------+---------+---------+-------
        D:1 |      33 |       0 |   0.0 |      22 |       0 |   0.0
        D:2 |      47 |      36 |  43.4 |      16 |       1 |   5.9
        D:3 |      20 |       0 |   0.0 |      10 |       0 |   0.0
        D:4 |      35 |       0 |   0.0 |       1 |       0 |   0.0
            +---------+---------+-------+---------+---------+-------
